Map: Zen LE

Players

xKawaiian

  • Race: Terran Terran
  • League: Master
  • Spawn Location: 1:00

starkiller - Winner!

  • Race: Zerg Zerg
  • League: Grandmaster
  • Spawn Location: 7:00

Event: Cheeseadelphia XI, Cheeseadelphia XI

VOD

Have the link to the VOD?

Description

Time

  • Played on: Dec. 14, 2019, 12:12 p.m.
  • Length: 2:36

All games in this series

Show
View Real Time Build Order
Export as new Build Order

xKawaiian Terran 

Build Orders:  

Get SALT Encoding   

  12  0:00  SCV  
  13  0:13  SCV  
  14  0:18  Supply Depot  
  14  0:25  SCV  
  15  0:42  Barracks  
  15  0:52  Barracks  
  15  0:55  SCV  
  16  1:07  SCV  
  17  1:19  SCV  
  17  1:22  Refinery  
  18  1:31  SCV  
  19  1:40  Marine  
  19  1:43  SCV  
  19  1:46  Bunker, Supply Depot  
  21  1:48  Supply Depot  
  20  1:54  Barracks  
  20  1:55  SCV  
  20  1:57  Marine  
  22  2:06  Bunker  
  22  2:07  SCV  
  21  2:16  Marine  
Show
View Real Time Build Order
Export as new Build Order

starkiller Zerg - Winner!

Build Orders: Pool First 

Get SALT Encoding   

  12  0:17  Spawning Pool  
  11  0:22  Drone  
  11  0:27  Drone  
  13  0:32  Drone  
  14  0:40  Overlord  
  14  1:06  Zergling x6  
  17  1:17  Zergling x2  
  18  1:25  Hatchery  
  18  1:29  Drone  
  18  1:44  Queen  
  20  1:54  Drone x2  
  22  2:10  Overlord  
Tags
 
Add a new tag
Caveats
  • Supply blocks, unpowered buildings, or Contaminate may cause inaccurate times.
  • Supply counts are checked every 10 seconds.